 Dungeon Crawl Stone Soup version 0.14.0-24-gfb45beb (webtiles) character file.

462 staplegun the Skirmisher (level 6, -11/40 HPs)
             Began as a Gargoyle Berserker on Apr 22, 2014.
             Was a Priest of Trog.
             Killed by divine providence
             ... invoked by an orc priest
              (13 damage)
             ... on Level 4 of the Dungeon.
             The game lasted 00:03:03 (2297 turns).

staplegun the Skirmisher (Gargoyle Berserker)       Turns: 2297, Time: 00:03:03

HP -11/40        AC 16     Str 22      XL: 6   Next: 25%
MP   6/6         EV  9     Int  8      God: Trog [***...]
Gold 185         SH  0     Dex  9      Spells:  0 memorised,  5 levels left

rFire  . . .     SeeInvis .     n - +1,+0 mace (protect)
rCold  . . .     Clarity  .     e - +0 scale mail
rNeg   + . .     Conserve .     (no shield)
rPois  +         rCorr    .     (no helmet)
rElec  +         rRot     +     (no cloak)
SustAb . .       Spirit   .     (no gloves)
rMut   .         Warding  .     (no boots)
Saprov . . .     Stasis   .     (no amulet)
MR     .....                    (no ring)
                                (no ring)

@: not resistant to hostile enchantments, extremely unstealthy
A: life protection 1, electricity resistance, unbreathing, petrification
resistance, AC +4
a: Burn Spellbooks, Berserk, Trog's Hand, Renounce Religion


You were on level 4 of the Dungeon.
You worshipped Trog.
Trog was most pleased with you.
You were not hungry.

You visited 1 branch of the dungeon, and saw 4 of its levels.

You collected 185 gold pieces.

Inventory:

Hand weapons
 a - a +0,+0 mace
 n - a +1,+0 mace of protection (weapon)
 y - a -2,-3 spear
Armour
 b - a +0 animal skin
 e - a +0 scale mail (worn)
Magical devices
 m - a wand of frost (5)
 w - a wand of confusion (15) {unknown}
Comestibles
 c - 3 bread rations
 g - a banana
 i - an apple
 o - a lychee
 v - 2 chokos
 x - a beef jerky
Scrolls
 d - a scroll of remove curse
 h - 7 scrolls of teleportation {unknown}
 l - 2 scrolls of identify {unknown}
 r - 2 scrolls of enchant weapon II {unknown}
 s - a scroll of blinking {unknown}
 z - a scroll of noise {unknown}
 A - a scroll of enchant weapon I {unknown}
Jewellery
 p - an uncursed ring of see invisible {unknown}
 q - a cursed ring of teleportation {unknown}
Potions
 f - 4 potions of curing {unknown}
 j - 2 potions of heal wounds {unknown}
 k - 3 potions of might {unknown}
 t - a potion of agility {unknown}
 u - a potion of cure mutation {unknown}
 B - a potion of magic {unknown}


   Skills:
 + Level 5.0 Fighting
 + Level 4.8 Maces & Flails
 + Level 4.7 Armour
 - Level 1.5 Dodging


You had 5 spell levels left.
You didn't know any spells.

Dungeon Overview and Level Annotations

Branches:
Dungeon (4/15)
 Temple: D:4-7

Altars:
Cheibriados
Dithmenos
Fedhas
Makhleb
Nemelex Xobeh
Vehumet


Innate Abilities, Weirdness & Mutations

You are resistant to torment.
You are immune to poison.
You are immune to rotting.
Your stone body is very resilient (AC +4).
You resist negative energy.
You are resistant to electric shocks.
You can survive without breathing.
You are immune to petrification.


Message History

The ogre is lightly wounded.
The orc hits you but does no damage.
The orc priest mumbles some strange prayers to Beogh against you.
Something smites you! The orc hits you but does no damage.
The orc barely misses you. The ogre barely misses you.
You hit the ogre.
The ogre is moderately wounded.
The orc hits you but does no damage. x2
The orc barely misses you.
You hit the ogre.
The ogre is moderately wounded.
The ogre barely misses you. The orc closely misses you.
The orc barely misses you.
The orc priest invokes the aid of Beogh against you.
Something smites you!
* * * LOW HITPOINT WARNING * * *
The orc hits you but does no damage. x2
The orc priest mumbles some strange prayers to Beogh against you.
Something smites you!
You die...

#.. #......##. #...#
#.##.#.##. #...#
#.##.#.### #...# #.##...#
#(..# #.###..### #...#
#...[.....
########...#######.#.###.
........o..........#.#
......ooo@..........#
....ooo)o...........#
.########O..#######.#
#...# #... #..># #.##.
#...# #.# . #...# ...
#...# # #..(#


You could see an ogre, an orc priest, an orc wizard and 6 orcs.

Vanquished Creatures
  The ghost of joshua the Caller, an average HESu of Fedhas (D:3)
  2 hounds (D:3)
  Ijyb (D:3)
  Terence (D:2)
  A gnoll (D:3)
  7 adders
  A giant mite (D:3)
  A giant gecko (D:1)
  8 orcs
  6 hobgoblins
  A quokka (D:2)
  A ball python (D:1)
  7 bats
  5 giant cockroaches
  2 giant newts
  7 goblins
  5 kobolds
  9 rats
66 creatures vanquished.

Notes
Turn   | Place    | Note
--------------------------------------------------------------
     0 | D:1      | staplegun, the Gargoyle Berserker, began the quest for the Orb.
     0 | D:1      | Reached XP level 1. HP: 14/14 MP: 1/1
   176 | D:1      | Reached XP level 2. HP: 12/19 MP: 2/2
   295 | D:1      | Found a sparkling altar of Nemelex Xobeh.
   566 | D:2      | Noticed Terence
   573 | D:2      | Killed Terence
   573 | D:2      | Reached XP level 3. HP: 4/24 MP: 3/3
   939 | D:2      | Acquired Trog's second power
   948 | D:2      | Found a radiant altar of Vehumet.
   959 | D:2      | Found a snail-covered altar of Cheibriados.
  1178 | D:2      | Reached skill level 4 in Fighting
  1178 | D:2      | Reached XP level 4. HP: 26/29 MP: 4/4
  1254 | D:3      | Noticed joshua's ghost (average HESu)
  1356 | D:3      | Killed joshua's ghost
  1396 | D:3      | Reached XP level 5. HP: 32/34 MP: 5/5
  1498 | D:3      | Noticed Ijyb
  1516 | D:3      | Killed Ijyb
  1851 | D:3      | Reached XP level 6. HP: 36/40 MP: 6/6
  1865 | D:3      | Reached skill level 5 in Fighting
  2013 | D:3      | Found a burning altar of Makhleb.
  2017 | D:3      | Found a blossoming altar of Fedhas.
  2018 | D:3      | Found a shadowy altar of Dithmenos.
  2296 | D:4      | HP: 2/40 [orc priest/divine providence (11)]
  2297 | D:4      | Killed from afar by an orc priest

Action                   |  1- 3 |  4- 6 || total
-------------------------+-------+-------++-------
Melee: Mace              |   100 |   191 ||   291
Invok: Berserk           |     1 |     1 ||     2
  Use: Scroll            |       |     1 ||     1
